Map: Romanticide LE

Players

Vanya

  • Race: Zerg Zerg
  • League: Grandmaster
  • Spawn Location: 5:00

GunGFuBanDa - Winner!

  • Race: Protoss Protoss
  • League: Grandmaster
  • Spawn Location: 11:00

Event: DreamHack SC2 Masters 2020 Winter

VOD

Have the link to the VOD?

Description

Time

  • Played on: Oct. 29, 2020, 12:34 p.m.
  • Length: 15:27

All games in this series

Show
View Real Time Build Order
Export as new Build Order

Vanya Zerg 

Build Orders: Pool First, Lurkers, Swarm Host 

Get SALT Encoding   

  12  0:16  Spawning Pool  
  11  0:21  Drone  
  11  0:26  Drone  
  13  0:31  Drone  
  14  0:40  Overlord  
  14  1:03  Queen, Zergling x4  
  18  1:04  Zergling x2  
  19  1:17  Zergling x2  
  20  1:26  Zergling x2  
  21  1:37  Hatchery, Zergling x2  
  21  1:47  Overlord  
  21  1:58  Drone  
  22  2:14  Drone  
  23  2:20  Drone  
  23  2:21  Queen  
  26  2:24  Drone  
  26  2:26  Drone  
  27  2:31  Drone  
  28  2:47  Drone, Extractor  
  28  2:50  Drone  
  29  2:51  Hatchery  
  29  2:53  Drone  
  29  2:58  Drone  
  29  3:01  Drone  
  29  3:02  Drone  
  32  3:11  Overlord  
  32  3:13  Drone x2  
  34  3:25  Queen  
  36  3:32  Overlord  
  36  3:33  Drone x2  
  38  3:36  Drone  
  38  3:37  Drone  
  40  3:46  Overlord  
  40  3:50  Metabolic Boost  
  40  3:51  Extractor  
  40  3:52  Drone x2  
  40  3:55  Drone  
  42  3:59  Drone  
  42  4:00  Drone  
  44  4:06  Drone  
  44  4:08  Queen  
  47  4:14  Drone x3  
  50  4:18  Drone x2  
  50  4:21  Spore Crawler  
  50  4:22  Drone  
  52  4:28  Overlord  
  52  4:35  Drone  
  52  4:36  Drone x4  
  52  4:37  Drone  
  58  4:40  Spore Crawler  
  58  4:41  Drone  
  58  4:51  Drone  
  58  4:52  Drone x5  
  62  4:56  Overlord  
  62  4:58  Drone  
  60  5:02  Lair  
  60  5:03  Drone  
  60  5:04  Drone  
  62  5:10  Queen  
  64  5:18  Drone x7  
  70  5:25  Drone  
  70  5:28  Roach Warren  
  70  5:29  Overlord  
  70  5:32  Evolution Chamber, Extractor  
  70  5:33  Drone x3  
  70  5:35  Extractor  
  70  5:40  Spore Crawler  
  70  5:41  Drone  
  70  5:42  Drone x3, Extractor  
  72  5:43  Extractor  
  72  5:44  Drone x2  
  72  5:46  Drone  
  72  5:48  Drone  
  75  5:55  Spore Crawler  
  73  6:03  Zergling x14  
  76  6:06  Drone x3  
  75  6:15  Drone x4, Infestation Pit  
  78  6:19  Drone  
  78  6:22  Drone x2  
  81  6:28  Overlord, Glial Reconstitution  
  81  6:47  Drone x5, Hatchery  
  81  6:52  Overlord  
  85  6:56  Zerg Missile Weapons Level 1  
  86  7:01  Drone  
  86  7:03  Nydus Network, Overlord  
  85  7:11  Swarm Host  
  85  7:12  Swarm Host x3  
  96  7:16  Overlord  
  96  7:21  Overlord  
  96  7:22  Swarm Host x3  
  105  7:31  Overlord x2  
  105  7:35  Swarm Host x2  
  111  7:37  Overlord  
  111  7:40  Swarm Host x3, Nydus Canal  
  111  7:43  Overlord x2  
  120  7:50  Swarm Host x3  
  128  7:53  Overlord  
  128  7:54  Roach  
  130  8:02  Swarm Host x4  
  142  8:06  Roach x2  
  142  8:11  Roach x3  
  152  8:14  Overlord  
  152  8:19  Nydus Canal  
  150  8:22  Roach  
  150  8:23  Roach x4  
  150  8:26  Overlord  
  158  8:32  Roach x5  
  167  8:35  Overlord  
  167  8:41  Drone  
  167  8:43  Drone  
  167  8:45  Roach  
  167  8:46  Roach x4  
  167  8:47  Ravager x2  
  180  8:50  Nydus Canal  
  180  8:57  Overlord  
  180  9:00  Overlord  
  179  9:07  Roach x6  
  179  9:08  Nydus Canal  
  188  9:10  Overlord  
  181  9:21  Roach x7  
  179  9:26  Roach  
  179  9:27  Roach x2  
  178  9:31  Ravager x4  
  179  9:44  Overlord  
  179  9:48  Roach x8  
  179  9:49  Roach  
  194  9:54  Hive  
  194  9:56  Hydralisk Den  
  194  9:57  Extractor  
  194  9:59  Nydus Canal  
  190  10:01  Overlord  
  190  10:04  Ravager x2  
  190  10:05  Overlord  
  190  10:08  Roach x4  
  196  10:15  Overlord  
  188  10:25  Nydus Canal  
  171  10:32  Grooved Spines  
  171  10:33  Lurker Den  
  171  10:34  Roach  
  171  10:35  Extractor, Roach x6  
  156  10:37  Drone  
  156  10:38  Drone x2  
  151  10:44  Drone x4  
  151  10:45  Drone x2  
  151  10:48  Hydralisk x2  
  156  10:59  Nydus Canal  
  156  11:03  Roach x7  
  163  11:10  Hydralisk  
  163  11:11  Hydralisk x2  
  150  11:19  Hydralisk  
  150  11:20  Hydralisk x3  
  149  11:28  Zergling x12  
  146  11:39  Lurker x2, Seismic Spines  
  139  11:43  Lurker  
  125  11:54  Hydralisk x4  
  125  11:55  Hydralisk x2  
  125  11:57  Queen  
  135  12:10  Viper x2  
  135  12:14  Drone x3  
  135  12:15  Spore Crawler  
  141  12:25  Viper  
  141  12:27  Nydus Canal  
  141  12:28  Overlord  
  141  12:29  Drone x2  
  146  12:36  Adaptive Talons  
  146  12:38  Hatchery, Hydralisk x3  
  149  12:45  Hydralisk  
  149  12:46  Hydralisk x5  
  156  12:53  Lurker  
  156  12:57  Hydralisk x3  
  163  13:03  Overlord  
  161  13:12  Hydralisk x6  
  150  13:18  Roach x3  
  146  13:27  Hydralisk x4  
  150  13:39  Drone x3  
  150  13:41  Lurker x3  
  152  13:55  Muscular Augments  
  148  14:00  Overseer  
  148  14:02  Hydralisk x7  
  146  14:08  Extractor  
  153  14:21  Lurker x3, Hatchery  
  155  14:29  Hydralisk x3  
  161  14:32  Drone x2  
  161  14:37  Zergling x10  
  168  14:42  Lurker x2  
  168  14:44  Zergling x2  
  160  14:57  Lurker x2  
  160  14:58  Hydralisk x2  
  166  15:03  Hydralisk  
Show
View Real Time Build Order
Export as new Build Order

GunGFuBanDa Protoss - Winner!

Build Orders:  

Get SALT Encoding   

  12  0:00  Probe  
  13  0:12  Probe  
  14  0:19  Pylon  
  14  0:24  Probe (Chrono Boost)  
  15  0:37  Probe (Chrono Boost)  
  15  0:39  Gateway  
  16  0:45  Probe (Chrono Boost)  
  16  0:48  Assimilator  
  17  0:52  Probe  
  18  1:04  Probe  
  19  1:16  Probe  
  20  1:20  Pylon  
  20  1:26  Zealot  
  20  1:27  Cybernetics Core  
  22  1:37  Probe  
  23  1:42  Pylon  
  23  1:57  Gateway  
  23  2:00  Adept (Chrono Boost)  
  23  2:06  Warp Gate  
  25  2:15  Nexus  
  25  2:23  Adept  
  25  2:26  Probe  
  28  2:30  Assimilator  
  28  2:44  Pylon, Probe  
  29  2:56  Probe  
  30  3:00  Stalker (Chrono Boost)  
  32  3:08  Probe  
  33  3:20  Stargate, Probe (Chrono Boost)  
  34  3:30  Probe (Chrono Boost)  
  34  3:33  Probe (Chrono Boost)  
  36  3:40  Probe x2 (Chrono Boost)  
  38  3:45  Probe (Chrono Boost)  
  38  3:47  Probe  
  40  3:50  Nexus  
  40  3:58  Probe  
  40  3:59  Probe  
  42  4:04  Oracle (Chrono Boost)  
  45  4:10  Pylon, Probe  
  45  4:11  Probe  
  47  4:20  Zealot  
  47  4:22  Probe  
  47  4:23  Probe  
  51  4:30  Oracle (Chrono Boost)  
  51  4:34  Probe  
  51  4:35  Probe  
  51  4:38  Robotics Facility  
  56  4:39  Assimilator  
  56  4:45  Shield Battery  
  56  4:46  Probe  
  56  4:47  Probe  
  58  4:59  Oracle (Chrono Boost)  
  58  5:04  Probe  
  58  5:05  Probe x2  
  58  5:06  Adept  
  66  5:07  Zealot  
  66  5:11  Assimilator  
  68  5:16  Probe  
  68  5:17  Probe  
  68  5:19  Probe  
  71  5:27  Pylon  
  71  5:28  Probe  
  72  5:29  Probe  
  72  5:31  Probe (Chrono Boost)  
  72  5:32  Twilight Council  
  72  5:33  Forge  
  74  5:42  Probe (Chrono Boost)  
  76  5:43  Probe (Chrono Boost)  
  76  5:44  Probe (Chrono Boost)  
  76  5:46  Zealot, Sentry  
  81  5:52  Probe x2 (Chrono Boost)  
  81  5:54  Protoss Ground Weapons Level 1  
  81  5:55  Probe (Chrono Boost)  
  81  5:56  Probe (Chrono Boost)  
  84  5:57  Pylon  
  85  6:05  Probe x2  
  85  6:08  Immortal (Chrono Boost)  
  85  6:12  Probe  
  85  6:15  Blink (Chrono Boost)  
  85  6:17  Pylon, Probe x2  
  85  6:22  Pylon  
  85  6:23  Assimilator  
  85  6:24  Assimilator, Probe  
  86  6:26  Pylon  
  86  6:29  Probe x2  
  86  6:32  Pylon  
  88  6:35  Gateway  
  88  6:36  Gateway, Probe  
  88  6:39  Observer (Chrono Boost)  
  89  6:41  Probe  
  89  6:42  Probe  
  89  6:45  Pylon  
  89  6:46  Pylon  
  92  6:48  Photon Cannon  
  92  6:53  Sentry x2  
  96  7:00  Robotics Bay  
  96  7:02  Gateway  
  96  7:05  Gateway  
  96  7:07  Gateway  
  96  7:09  Pylon  
  96  7:10  Gateway, Pylon  
  96  7:12  Immortal  
  100  7:24  Stalker  
  100  7:25  Stalker  
  100  7:27  Shield Battery, Void Ray  
  100  7:29  Shield Battery  
  104  7:31  Shield Battery  
  108  7:45  Stalker x2  
  112  7:55  Stalker x2, Colossus (Chrono Boost)  
  122  8:05  Pylon  
  122  8:06  Adept x2  
  122  8:09  Stalker x3  
  122  8:10  Stalker  
  134  8:24  Stalker  
  134  8:25  Stalker  
  138  8:27  Photon Cannon  
  138  8:28  Pylon  
  136  8:39  Colossus (Chrono Boost)  
  136  8:51  Nexus  
  136  8:57  Stalker x8  
  150  9:17  Disruptor (Chrono Boost)  
  150  9:19  Protoss Ground Weapons Level 2 (Chrono Boost)  
  150  9:20  Charge  
  150  9:21  Probe x2  
  155  9:33  Probe  
  152  9:48  Probe  
  152  9:49  Nexus, Zealot  
  152  9:51  Probe  
  156  9:53  Nexus  
  156  9:55  Pylon  
  154  10:06  Stalker x6  
  156  10:28  Probe  
  156  10:32  Probe  
  156  10:33  Probe  
  157  10:37  Stalker x3  
  157  10:38  Stalker x5  
  157  10:40  Probe  
  174  10:48  Photon Cannon  
  174  10:49  Shield Battery  
  174  10:50  Dark Shrine  
  153  11:13  Stalker  
  153  11:14  Stalker x7  
  165  11:20  Probe x3  
  165  11:22  Assimilator  
  166  11:28  Colossus  
  172  11:50  Robotics Facility  
  172  11:52  Pylon  
  169  11:56  Protoss Ground Weapons Level 3 (Chrono Boost)  
  169  11:58  Photon Cannon  
  169  11:59  Photon Cannon  
  169  12:03  Photon Cannon  
  169  12:04  Assimilator, Pylon  
  169  12:08  Zealot x3  
  169  12:09  Zealot x5  
  169  12:10  Extended Thermal Lance (Chrono Boost)  
  185  12:21  Immortal (Chrono Boost)  
  185  12:25  Photon Cannon  
  185  12:27  Photon Cannon  
  185  12:29  Shield Battery  
  189  12:30  Nexus  
  189  12:31  Templar Archives  
  187  12:40  Immortal (Chrono Boost)  
  187  12:41  Zealot x3  
  195  12:53  Warp Prism (Chrono Boost)  
  197  13:03  Zealot  
  175  13:14  Psionic Storm  
  175  13:16  Immortal (Chrono Boost)  
  147  13:22  Zealot x6  
  147  13:24  Dark Templar  
  161  13:34  Immortal (Chrono Boost)  
  161  13:38  Dark Templar  
  163  13:43  Gravitic Drive  
  163  13:44  Dark Templar x4  
  173  13:55  Immortal (Chrono Boost)  
  173  14:00  High Templar x2  
  171  14:05  Immortal (Chrono Boost)  
  171  14:09  Pylon  
  175  14:11  Assimilator  
  175  14:13  Assimilator  
  173  14:19  Zealot, Sentry  
  173  14:21  High Templar  
  173  14:22  High Templar x2  
  183  14:25  Probe  
  183  14:27  Immortal  
  188  14:40  Photon Cannon  
  188  14:42  Photon Cannon  
  188  14:43  Gateway  
  188  14:44  Shield Battery  
  188  14:45  Gateway  
  180  14:53  Zealot x5  
  180  14:56  Dark Templar  
  180  14:57  Dark Templar x2  
  188  15:15  Archon  
  169  15:25  Zealot x4  
  169  15:26  Zealot  
Tags
 
Add a new tag
Caveats
  • Supply blocks, unpowered buildings, or Contaminate may cause inaccurate times.
  • Supply counts are checked every 10 seconds.